 Dungeon Crawl Stone Soup version 0.32-a0-401-g0bcb2a7693 (webtiles) character file.

Game seed: 1498800137766212208

26 Asfel the Trooper (level 2, -2/24 HPs)
             Began as a Demonspawn Berserker on Feb 20, 2024.
             Was a Follower of Trog.
             Slain by a kobold
             ... wielding a +0 short sword
              (4 damage)
             ... on level 1 of the Dungeon.
             The game lasted 00:01:49 (344 turns).

Asfel the Trooper (Demonspawn Berserker)             Turns: 344, Time: 00:01:49

Health: -2/24      AC:  2    Str: 17    XL:     2   Next: 89%
Magic:  2/2        EV: 12    Int:  7    God:    Trog [*.....]
Gold:   28         SH:  0    Dex: 12    Spells: 1/1 levels left

rFire   . . .        a - +1 hand axe
rCold   . . .        (no shield)
rNeg    . . .        b - +0 animal skin
rPois   .            (no helmet)
rElec   .            (no cloak)
rCorr   .            (no gloves)
SInv    .            (no boots)
Will    .....        (no amulet)
Stlth   +            (no ring)
HPRegen 0.24/turn    (no ring)
MPRegen 0.08/turn

%: no passive effects
@: hasted, wreathed by umbra, very quick
A: foul shadow 1
a: Renounce Religion, Berserk


You were on level 1 of the Dungeon.
You worshipped Trog.
Trog was aware of your devotion.
You visited 1 branch of the dungeon, and saw 1 of its levels.

You collected 28 gold pieces.

Inventory:

Hand Weapons
 a - a +1 hand axe (weapon)
Armour
 b - a +0 animal skin (worn)
Scrolls
 d - a scroll of identify {unknown}


   Skills:
 + Level 3.4 Fighting
 + Level 3.1 Axes
 + Level 1.9 Armour
 + Level 2.0 Dodging


You had one spell level left.
You didn't know any spells.
Your spell library was empty.

Dungeon Overview and Level Annotations

Branches:
Dungeon (1/15)

Altars:


Innate Abilities, Weirdness & Mutations

You are faintly shadowed, very rarely releasing foul flame when damaged in melee.


Message History

Trog accepts your kill.
You barely miss the kobold. The bat closely misses you.
The kobold hits you with a +0 short sword.
The kobold barely misses you.
You hit the bat.
The bat is severely wounded.
You barely miss the kobold. The bat closely misses you.
The kobold hits you but does no damage. The bat misses you.
The kobold hits you with a +0 short sword.
* * * LOW HITPOINT WARNING * * *
You hit the kobold but do no damage. You hit the bat.
You kill the bat!
Trog accepts your kill. The kobold barely misses you.
You closely miss the kobold.
The kobold hits you with a +0 short sword.
* * * LOW HITPOINT WARNING * * *
You hit the kobold but do no damage.
The kobold hits you with a +0 short sword.
* * * LOW HITPOINT WARNING * * *
It was a potion of curing.
You feel better.
The kobold hits you with a +0 short sword.
* * * LOW HITPOINT WARNING * * *
It was a potion of haste.
You feel yourself speed up.
The kobold hits you with a +0 short sword.
* * * LOW HITPOINT WARNING * * *
You hit the kobold but do no damage.
The kobold hits you with a +0 short sword.
* * * LOW HITPOINT WARNING * * *
The kobold is seared by the foul flame within you!
The kobold is heavily wounded.
As you read the scroll labelled DIPTA ORGHE, it crumbles to dust.
It is a scroll of amnesia.
You feel forgetful for a moment.
As you read the scroll labelled DAUSIRH LAINUYN, it crumbles to dust.
It is a scroll of enchant weapon.
Your +0 hand axe glows red for a moment.
The kobold hits you with a +0 short sword.
You die...

#.... # ... ## .. .## #
..# #.. ..# .. #. .#####
.. ###########...
###..## . #.............
##....###.#.....@K!#.⌠..
#......##.#.....††......
........................
.##########.#########..#
.# #.# ## .##########.#
....#.....#.#
###.#.###.#.# ..#.#.#
#.#.#


You could see a kobold.

Vanquished Creatures
  4 ball pythons (D:1)
  2 bats (D:1)
  An endoplasm (D:1)
  A giant cockroach (D:1)
  A goblin (D:1)
  2 hobgoblins (D:1)
  A kobold (D:1)
  2 rats (D:1)
14 creatures vanquished.

Notes
Turn   | Place    | Note
-------+----------+-------------------------------------------
     0 | D:1      | Asfel the Demonspawn Berserker began the quest for the Orb.
     0 | D:1      | Reached XP level 1. HP: 18/18 MP: 1/1
   100 | D:1      | Gained mutation: You are faintly shadowed, very rarely
                  | releasing foul flame when damaged in melee. [demonic
                  | ancestry]
   100 | D:1      | Reached XP level 2. HP: 21/24 MP: 2/2
   344 | D:1      | Slain by a kobold

Illustrated notes

Levels and vault maps discovered:
D:1:      nzn_arrival_depleted_hourglass, layout_basic,
          hangedman_feature_mirror, minivault_19, minmay_stone_trees_medium

Skill      XL: |  1  2 |
---------------+-------+-----
Axes           | 3 |  3.1
Dodging        | 2 |  2.0
Fighting       | |  3.4
Armour         | |  1.9

Action                     || total
---------------------------++-------
  Melee: Hand axe          ||    52
    Use: Scroll            ||     2
         Potion            ||     2
 Armour: Animal skin       ||    62
  Dodge: Dodged            ||    82

Table legend: (Time is in decaauts)
 A = Elapsed time spent in this place.
 B = Non-inter-level travel time spent in this place.
 C = Inter-level travel time spent in this place.
 D = Time resting spent in this place.
 E = Time spent auto-exploring this place.
 F = Levels seen in this place.
 G = Mean time per level.
                   A        B        C        D        E       F      G
               +--------+--------+--------+--------+--------+-----+--------+
         Total |    350 |    332 |     18 |      0 |    170 |   1 |  350.0 |
       Dungeon |    350 |    332 |     18 |      0 |    170 |   1 |  350.0 |
               +--------+--------+--------+--------+--------+-----+--------+

Top non-repeatable levels by time:
     D:1: 350 daAuts
